 Dungeon Crawl Stone Soup version 0.27-a0-419-g7a85846853 (webtiles) character file.

Game seed: 2523526996450555973

9 Chiseanne the Magician (level 2, 18/21 HPs)
             Began as a Demonspawn Wanderer on Feb 26, 2021.
             Quit the game on level 1 of the Dungeon.
             The game lasted 00:00:23 (440 turns).

Chiseanne the Magician (Demonspawn Wanderer)         Turns: 440, Time: 00:00:24

Health: 18/21      AC:  2    Str: 14    XL:     2   Next: 3%
Magic:  7/7        EV: 11    Int: 13    God:
Gold:   0          SH:  0    Dex: 10    Spells: 9/9 levels left

rFire    . . .     SeeInvis .   a - +2 dagger
rCold    . . .     Faith    .   (no shield)
rNeg     . . .     Spirit   .   e - +0 robe
rPois    .         Reflect  .   (no helmet)
rElec    .         Harm     .   (no cloak)
rCorr    .         Rampage  .   (no gloves)
Will     .....                  (no boots)
Stlth    +.........             (no amulet)
HPRegen  0.07/turn              (no ring)
MPRegen  0.10/turn              (no ring)

@: no status effects
A: demonic magic 1
a: no special abilities


You were on level 1 of the Dungeon.
You visited 1 branch of the dungeon, and saw 1 of its levels.

Inventory:

Hand Weapons
 a - a +2 dagger (weapon)
Missiles
 c - 17 stones (quivered)
Armour
 e - a +0 robe (worn)
Scrolls
 b - a scroll of blinking
Potions
 d - a potion of curing {unknown}


   Skills:
 * Level 1.1 Fighting
 * Level 1.0 Dodging
 - Level 1.0 Stealth
 - Level 4.0 Spellcasting
 - Level 1.0 Translocations
 - Level 1.0 Transmutations
 - Level 1.7 Earth Magic
 - Level 1.0 Evocations


You had 9 spell levels left.
You didn't know any spells.
Your spell library contained the following spells:

 Spells                   Type           Power        Failure   Level
 Sandblast                Erth           14%          10%         1
 Apportation              Tloc           10%          14%         1
 Stone Arrow              Conj/Erth      8%           41%         3
 Portal Projectile        Hex/Tloc       6%           45%         3


Dungeon Overview and Level Annotations

Branches:
Dungeon (1/15)

Altars:


Innate Abilities, Weirdness & Mutations

Spells you cast may paralyse adjacent enemies.


Message History

Your demonic ancestry asserts itself...
A menacing aura infuses your magic.
No target in view!
No target in view!
No target in view!
No target in view!
No target in view!
No target in view!
No target in view!
No target in view!
No target in view!
No target in view!
No target in view!
No target in view!
No target in view!
No target in view!
No target in view!
No target in view!
No target in view!
No target in view!
No target in view!
No target in view!
No target in view!
You see here an amethyst potion.
The frilled lizard bites you.
You miss the frilled lizard. The frilled lizard barely misses you.
You closely miss the frilled lizard. The frilled lizard barely misses you.
You miss the frilled lizard. The frilled lizard barely misses you.
You miss the frilled lizard. The frilled lizard barely misses you.
You hit the frilled lizard.
You kill the frilled lizard!
Your Dodging skill increases to level 1!
No target in view!
No target in view!
No target in view!
No target in view!
No target in view!
No target in view!
No target in view!
Are you sure you want to abandon this character and quit the game? (Confirm with "yes".)

.# ### .# ... ..+
########.# ?.#
.........+...#
.......#.#...#
.............#
#..@# # ###!#.#
##.#.#####
+.........
##.#.#####
###########.#.#####
#....##............
#.......#.#........
#.........#.....$..


There were no monsters in sight!

Vanquished Creatures
  An ooze (D:1)
  A giant cockroach (D:1)
  A frilled lizard (D:1)
  A kobold (D:1)
  2 rats (D:1)
6 creatures vanquished.

Notes
Turn   | Place    | Note
-------+----------+-------------------------------------------
     0 | D:1      | Chiseanne the Demonspawn Wanderer began the quest for the
                  | Orb.
     0 | D:1      | Chiseanne set off with the following items: a +2 dagger, a
                  | scroll of blinking, a +0 robe; and the following spells
                  | available to memorise: Sandblast, Apportation, Stone Arrow,
                  | Portal Projectile
     0 | D:1      | Reached XP level 1. HP: 13/13 MP: 5/5
    75 | D:1      | Reached skill level 1 in Fighting
   433 | D:1      | Gained mutation: Spells you cast may paralyse adjacent
                  | enemies. [demonic ancestry]
   433 | D:1      | Reached XP level 2. HP: 18/21 MP: 7/7
   440 | D:1      | Reached skill level 1 in Dodging
   440 | D:1      | Quit the game

Illustrated notes

Levels and vault maps discovered:
D:1:      dpeg_arrival_castle, layout_basic, st_stairs_14, dk_noncrumbling_2

Skill      XL: |  1  2 |
---------------+-------+-----
Fighting       | 1 |  1.1
Dodging        | 1 |  1.0
Stealth        | |  1.0
Spellcasting   | |  4.0
Translocations | |  1.0
Transmutations | |  1.0
Earth Magic    | |  1.7
Evocations     | |  1.0

Action                   || total
-------------------------++-------
Melee: Dagger            ||    30
Armor: Robe              ||     5
Dodge: Dodged            ||    24

Table legend: (Time is in decaauts)
 A = Elapsed time spent in this place.
 B = Non-inter-level travel time spent in this place.
 C = Inter-level travel time spent in this place.
 D = Time resting spent in this place.
 E = Time spent auto-exploring this place.
 F = Levels seen in this place.
 G = Mean time per level.
                   A        B        C        D        E       F      G
               +--------+--------+--------+--------+--------+-----+--------+
         Total |    441 |    441 |      0 |    325 |     65 |   1 |  441.0 |
       Dungeon |    441 |    441 |      0 |    325 |     65 |   1 |  441.0 |
               +--------+--------+--------+--------+--------+-----+--------+

Top non-repeatable levels by time:
     D:1: 441 daAuts
